 Dungeon Crawl Stone Soup version 0.24.0-123-gd5b16e6ec5 (webtiles) character file.

Game seed: 14680270005697596267, levelgen mode: deterministic

750 McKennaii the Conjurer (level 7, -10/56 HPs)
             Began as a Green Draconian Conjurer on Jan 29, 2020.
             Was an Initiate of Sif Muna.
             Mangled by an ogre
             ... wielding a +0 giant club
              (13 damage)
             ... on level 4 of the Dungeon.
             The game lasted 00:07:04 (3670 turns).

McKennaii the Conjurer (Green Draconian Conjurer)   Turns: 3670, Time: 00:07:04

Health: -10/56     AC:  9    Str: 10 (11) XL:     7   Next: 48%
Magic:  14/14      EV: 18    Int: 16 (17) God:    Sif Muna [......]
Gold:   236        SH:  4    Dex: 13 (16) Spells: 15/16 levels left

rFire    . . .     SeeInvis .   e - +1 short sword (elec)
rCold    . . .     Gourm    .   d - +0 buckler
rNeg     . . .     Faith    .   (armour unavailable)
rPois    +         Spirit   .   (helmet restricted)
rElec    .         Reflect  .   (no cloak)
rCorr    .         Harm     .   p - +2 pair of gloves
MR       .....                  (no boots)
Stlth    +++.......             (no amulet)
HPRegen  0.18/turn              (no ring)
MPRegen  0.14/turn              (no ring)

@: agile, invisible
A: breathe noxious fumes, unfitting armour, poison resistance, cold-blooded, AC
+6
a: Breathe Noxious Fumes, Renounce Religion


You were on level 4 of the Dungeon.
You worshipped Sif Muna.
Sif Muna was noncommittal.
You were hungry.

You visited 1 branch of the dungeon, and saw 4 of its levels.

You collected 236 gold pieces.

Inventory:

Hand Weapons
 e - a +1 short sword of electrocution (weapon)
Armour
 d - a +0 buckler (worn)
 p - a +2 pair of gloves (worn)
Scrolls
 f - a scroll of blinking {unknown}
 g - a scroll of immolation {unknown}
 h - a scroll of identify {unknown}
 k - a scroll of random uselessness {unknown}
 l - 2 scrolls of teleportation {unknown}
 n - a scroll of amnesia {unknown}
Potions
 a - 3 potions of agility
 i - a potion of degeneration
 j - a potion of curing {unknown}
 o - a potion of might {unknown}
Comestibles
 b - 9 rations


   Skills:
 + Level 2.3 Fighting
 + Level 3.6 Dodging
 + Level 2.2 Stealth
 + Level 1.4 Shields
 * Level 5.0 Spellcasting
 + Level 5.8 Conjurations


You had 15 spell levels left.
You knew the following spells:

 Your Spells              Type           Power        Failure   Level  Hunger
a - Magic Dart            Conj           ###.         1%          1    None

Your spell library contained the following spells:

 Spells                   Type           Power        Failure   Level  Hunger
 Searing Ray              Conj           ###...       2%          2    #......
 Dazzling Spray           Conj/Hex       ##....       19%         3    ###....
 Iskenderun's Mystic Bla  Conj           ###.....     19%         4    ####...
 Force Lance              Conj/Tloc      ##......     52%         4    ####...
 Fulminant Prism          Conj/Hex       ##........   52%         4    ####...


Dungeon Overview and Level Annotations

Branches:
Dungeon (4/15)
 Temple: D:4-7

Altars:
Ashenzari
Dithmenos
Fedhas
Hepliaklqana
Kikubaaqudgha
Okawaru
Sif Muna
Zin
The Shining One


Innate Abilities, Weirdness & Mutations

You can breathe blasts of noxious fumes.
Your lurid green scales are hard. (AC +6)
You cannot fit into any form of body armour.
Your system is resistant to poisons. (rPois)
You are cold-blooded and may be slowed by cold attacks.


Message History

You completely miss the ogre.
The ogre is lightly wounded.
The ogre misses you.
You hit the ogre.
The ogre is moderately wounded.
You block the ogre's attack.
You barely miss the ogre.
The ogre is moderately wounded.
The ogre hits you with a +0 giant club!
* * * LOW HITPOINT WARNING * * *
It was a potion of agility.
You feel agile all of a sudden. The ogre closely misses you.
It was a potion of degeneration.
There was something very wrong with that liquid.
You feel weakened.
You feel dopey.
You feel clumsy.
It was a potion of invisibility.
You fade into invisibility!
The ogre hits you with a +0 giant club!
You die...

...#......##. ###...
.......... .........
#......###########...
#......#.........#...
#..†...#.##......##.. +
+......#.##......##..
.#.######......#.##..........
..........#..............###.
#.........O@................
#.......#.#################
#.......#.# # #.....?.#.# #
#.#####.#†# # # ..... #
..#... # ..##### # .... #


You could see an ogre.

Vanquished Creatures
  2 phantoms
  The ghost of AuftragZ the Conjurer, an amateur DECj (D:3)
  A bullfrog (D:3)
  A scorpion (D:4)
  A hound (D:4)
  2 orc priests (D:3)
  An orc wizard (D:3)
  A centaur skeleton (D:4)
  An iguana (D:4)
  A worker ant (D:4)
  A killer bee zombie (D:2)
  A gnoll (D:1)
  6 adders
  An ooze (D:2)
  6 worms
  3 dart slugs
  3 leopard geckos
  3 orcs (D:3)
  4 giant cockroaches
  6 goblins
  10 hobgoblins
  8 jackals (D:1)
  9 kobolds
  A quokka (D:4)
  10 bats
  7 frilled lizards
  A leopard gecko skeleton (D:4)
  12 rats
104 creatures vanquished.

Notes
Turn   | Place    | Note
-------+----------+-------------------------------------------
     0 | D:1      | McKennaii the Draconian Conjurer began the quest for the
                  | Orb.
     0 | D:1      | Reached XP level 1. HP: 14/14 MP: 3/3
    98 | D:1      | Reached XP level 2. HP: 12/20 MP: 3/5
   512 | D:1      | Reached XP level 3. HP: 12/26 MP: 2/6
  1210 | D:2      | Reached XP level 4. HP: 16/33 MP: 5/8
  1214 | D:2      | Reached skill level 1 in Fighting
  1575 | D:2      | Noticed a phantom
  1670 | D:2      | Found a faded altar of an unknown god.
  2014 | D:2      | Killed a phantom
  2014 | D:2      | Reached XP level 5. HP: 28/40 MP: 1/10
  2227 | D:3      | Reached skill level 5 in Conjurations
  2239 | D:3      | Reached XP level 6. HP: 40/47 MP: 3/11
  2337 | D:3      | Found a runed translucent gate.
  2338 | D:3      | Found a runed translucent gate.
  2527 | D:3      | Found a runed translucent gate.
  2530 | D:3      | Noticed AuftragZ's ghost (amateur DECj)
  2705 | D:3      | Found a shadowy altar of Dithmenos.
  2710 | D:3      | Found an iron altar of Okawaru.
  2714 | D:3      | Found a blossoming altar of Fedhas.
  2715 | D:3      | Found a shattered altar of Ashenzari.
  2719 | D:3      | Found a shimmering blue altar of Sif Muna.
  2719 | D:3      | Found a glowing golden altar of the Shining One.
  2772 | D:3      | Became a worshipper of Sif Muna the Loreminder
  3122 | D:3      | Killed AuftragZ's ghost
  3122 | D:3      | Reached skill level 1 in Shields
  3280 | D:4      | Found an ancient bone altar of Kikubaaqudgha.
  3281 | D:4      | Found a hazy altar of Hepliaklqana.
  3320 | D:4      | Your scales start taking on a lurid green colour.
  3320 | D:4      | Reached XP level 7. HP: 53/53 MP: 11/13
  3320 | D:4      | Gained mutation: Your system is resistant to poisons.
                  | (rPois) [Green Draconian growth]
  3430 | D:4      | Found a glowing silver altar of Zin.
  3628 | D:4      | Reached skill level 5 in Spellcasting
  3662 | D:4      | HP: 2/56 [ogre/+0 giant club (16)]
  3670 | D:4      | Mangled by an ogre

Levels and vault maps discovered:
D:1:      saegor_arrival_simple_b, layout_loops_ring, st_stairs_13
D:2:      layout_loops_ring, first_ration,
          chequers_ecumenical_altar_simple_redux, chequers_serial_rivers_micro_a
D:3:      layout_basic, grunt_temple_overflow_open, gammafunk_ghost_split,
          minmay_randomly_rotated_circles
D:4:      layout_basic, kennysheep_little_box,
          chequers_temple_overflow_statue_of_worship

Skill      XL: |  1  2  3  4  5  6  7 |
---------------+----------------------+-----
Dodging        | 2 3 |  3.6
Spellcasting   | 3 4 5 |  5.0
Fighting       | 1 2 |  2.3
Stealth        | 2 |  2.2
Conjurations   | 5 |  5.8
Shields        | 1 |  1.4

Action                   |  1- 3 |  4- 6 |  7- 9 || total
-------------------------+-------+-------+-------++-------
Melee: Unarmed           |    72 |       |       ||    72
       Tailslap          |     4 |     9 |       ||    13
       Short sword       |    40 |   109 |    40 ||   189
 Cast: Magic Dart        |    46 |   101 |     4 ||   151
  Use: Potion            |       |       |     3 ||     3
 Stab: Sleeping          |     1 |     1 |       ||     2
  Eat: Chunk             |     1 |     8 |       ||     9
Armor: Skin              |    30 |    51 |     5 ||    86
Dodge: Dodged            |    78 |    85 |    25 ||   188
Block: Buckler           |     5 |    21 |     5 ||    31
